Cogmind - Beta 10.1 @@@ ROGUE MODE // 2020.10.14 @ 00:25:30 Player: CVD-b335 Result: Self-destructed Performance ------------- Evolutions (1) 500 Regions Visited (3) 600 Robots Destroyed (25) 125 Value Destroyed (602) 602 Prototype IDs (4) 80 Alien Tech Used (0) 0 Bonus (0) 0 TOTAL SCORE: 1907 Bonus ------- None Cogmind --------- Core Integrity 28/400 Matter 226/300 Energy 100/100 System Corruption 0% Temperature Cool (9) Movement Core (650) Ox12 Location -9/Storage Parts ------- > --- POWER (1) -------- (None) > --- PROPULSION (2) --- (None) > --- UTILITY (4) ------ Large Storage Unit Large Storage Unit Propulsion Shielding > --- WEAPON (2) ------- Flail Flail > --- INVENTORY (16) --- Improved Ion Engine Improved Ion Engine Wheel Wheel Wheel Large Storage Unit Large Matter Pod (133) Light Armor Plating Grenade Launcher Peak State ------------ > --- POWER ------------ Heavy Ion Engine > --- PROPULSION ------- Wheel Wheel > --- UTILITY ---------- Large Storage Unit Large Storage Unit Propulsion Shielding Light Armor Plating > --- WEAPON ----------- Guided Missile Launcher > --- INVENTORY -------- Light Ion Engine Improved Ion Engine Improved Ion Engine Wheel Wheel Wheel Small Storage Unit Large Storage Unit Large Matter Pod Light Armor Plating Beam Cannon Assault Rifle Light Assault Rifle Grenade Launcher Flail Flail [Rating: 21] Favorites ----------- Power Heavy Ion Engine Engine Heavy Ion Engine Propulsion Wheel Leg Aluminum Leg Wheel Wheel Utility Large Storage Unit Storage Large Storage Unit Protection Propulsion Shielding Weapon Beam Cannon Energy Gun Improved Medium Laser Energy Cannon Beam Cannon Ballistic Gun Light Assault Rifle Launcher Guided Missile Launcher Impact Weapon Flail Build | -11 -10 -9 -9 ------- Run | Scr Mat Mat Sto Slots Evolved 2 | . . 2 . Power . | . . . . Propulsion . | . . . . Utility 2 | . . 2 . Weapon . | . . . . Parts Attached 29 | . 10 6 13 Power 3 | . 2 1 . Engine 3 | . 2 1 . Core . | . . . . Reactor . | . . . . Propulsion 4 | . 2 . 2 Treads . | . . . . Leg . | . . . . Wheel 4 | . 2 . 2 Hover . | . . . . Flight . | . . . . Utility 8 | . 4 4 . Device . | . . . . Storage 3 | . 2 1 . Processor . | . . . . Hackware . | . . . . Protection 5 | . 2 3 . Artifact . | . . . . Weapon 14 | . 2 1 11 Energy Gun 1 | . . . 1 Energy Cannon 3 | . 2 . 1 Ballistic Gun 6 | . . 1 5 Ballistic Cannon . | . . . . Launcher 2 | . . . 2 Special Weapon . | . . . . Impact Weapon 2 | . . . 2 Slashing Weapon . | . . . . Piercing Weapon . | . . . . Special Melee Weapon . | . . . . Unidentified Prototypes 4 | . . 1 3 Parts Lost 9 | . . 1 8 Power 1 | . . . 1 Propulsion 2 | . . . 2 Utility 1 | . . . 1 Weapon 5 | . . 1 4 Highest Loss Streak 8 | . . 1 8 Average Slot Usage (%) 94 | . 98 98 86 Engine 11 | . 14 11 8 Leg 6 | . 14 . . Wheel 15 | . 12 22 16 Storage 22 | . 22 23 22 Protection 12 | . 4 18 19 Energy Cannon 14 | . 27 12 . Ballistic Gun 6 | . . 9 12 Naked Turns . | . . . . Heaviest Build 60 | 10 43 60 54 Greatest Support 20 | 20 20 20 20 Greatest Overweight (x) 12 | . 2 2 12 Average Overweight (x) 1 | . 1 2 2 Largest Inventory Capacity 22 | . 16 22 16 Average Capacity 14 | . 12 17 16 Most Carried 16 | . 15 16 16 Average Carried 12 | . 9 14 14 Final Capacity 16 | 6 16 16 16 Final Carried 16 | 6 15 16 9 Class Distribution -------------------- 100% | Mutant Dominant Class ---------------- Mutant | -10/Materials Mutant | -9/Materials Mutant | -9/Storage Resources | -11 -10 -9 -9 ----------- Run | Scr Mat Mat Sto Matter Collected 641 | 173 117 206 145 Remotely . | . . . . Salvage Created 818 | . 407 197 214 Parts 51 | . 22 13 16 Haulers Intercepted 4 | . 1 1 2 Recyclers Shooed . | . . . . Parts Field Recycled . | . . . . Retrieved Matter . | . . . . Parts Self-Destructed . | . . . . Prevented . | . . . . Kills | -11 -10 -9 -9 ------- Run | Scr Mat Mat Sto Combat Hostiles Destroyed 16 | . 7 3 6 Guns 1 | . . . 1 Cannons 11 | . 7 3 1 AOE 4 | . . . 4 Classes Destroyed 9 | . 4 2 3 Worker 3 | . 2 1 . Hauler 4 | . 1 1 2 Mechanic 1 | . . . 1 Watcher 1 | . 1 . . Swarmer 3 | . . . 3 Grunt 9 | . 7 1 1 Brawler 1 | . . 1 . Duelist 1 | . . . 1 Sentry 2 | . . 1 1 Best Kill Streak 6 | . 4 2 6 Combat Bots Only 4 | . 4 2 4 Max Kills in Single Turn 5 | . 2 1 5 Gunslinging . | . . . . Exploded 4 | . . . 4 Melee . | . . . . Uniques/NPCs Destroyed . | . . . . Combat | -11 -10 -9 -9 -------- Run | Scr Mat Mat Sto Damage Taken 1349 | . 99 102 1148 Core 385 | . 13 15 357 Absorbed by Shields . | . . . . Core Remaining (%) 97 | 100 94 . . Volleys Fired 60 | . 22 14 24 Largest 2 | . 2 2 2 Hottest 120 | . 120 80 60 Shots Fired 98 | . 44 22 32 Gun 31 | . . 8 23 Cannon 61 | . 44 14 3 Launcher 6 | . . . 6 Special . | . . . . Kinetic 31 | . . 8 23 Thermal 61 | . 44 14 3 Explosive 6 | . . . 6 Electromagnetic . | . . . . Robot Hit Streak 10 | . 8 5 10 Robot Miss Streak 3 | . 3 2 1 Penetration Max . | . . . . Secondary Targets . | . . . . Shots Hit Robots 65 | . 23 14 28 Core Hits 34 | . 12 8 14 Critical Hits . | . . . . Critical Kills . | . . . . Critical Parts Destroyed . | . . . . Melee Attacks 4 | . . . 4 Impact 4 | . . . 4 Slashing . | . . . . Piercing . | . . . . Sneak Attacks . | . . . . Combat Hostiles . | . . . . Follow-up Attacks 1 | . . . 1 Damage Inflicted 1897 | . 513 253 1131 Guns 225 | . . 43 182 Cannons 776 | . 513 210 53 Explosions 819 | . . . 819 Melee 77 | . . . 77 Ramming . | . . . . Kinetic 225 | . . 43 182 Thermal 776 | . 513 210 53 Explosive 819 | . . . 819 Electromagnetic . | . . . . Impact 77 | . . . 77 Slashing . | . . . . Piercing . | . . . . Highest Corruption . | . . . . Average Corruption . | . . . . Corruption Purged . | . . . . Overload Shots . | . . . . Overflow Damage 51 | . . . 51 Projectiles . | . . . . Explosions 40 | . . . 40 Melee 11 | . . . 11 Knockbacks . | . . . . Impact . | . . . . Kinetic . | . . . . Secondary . | . . . . Self-Inflicted Damage 142 | . . . 142 Shots 5 | . . . 5 Rammed . | . . . . Targets Rammed . | . . . . Kicked . | . . . . Crushed . | . . . . Highest Temperature 348 | . 348 147 30 Average Temperature 86 | . 112 56 10 Received Heat Transfer 363 | . 54 39 270 Effects 2 | . 2 . . Interference 2 | . 2 . . Siege Activations . | . . . . Robots Corrupted . | . . . . Combat Hostiles . | . . . . Parts Fried . | . . . . Impact Corruptions 1 | . . . 1 Robots Melted . | . . . . Combat Hostiles . | . . . . Parts Melted 1 | . 1 . . Heat Transferred 1628 | . 1073 444 111 Parts Sabotaged . | . . . . Parts Stolen . | . . . . Parts Stripped . | . . . . Power Chain Reactions . | . . . . Missiles Intercepted . | . . . . Alert | -11 -10 -9 -9 ------- Run | Scr Mat Mat Sto Peak Influence 293 | . 287 232 293 Initial 120 | . . 120 97 Average 151 | . 119 171 179 Maximum Alert Level 1 | . 1 1 1 Low Security (%) 76 | . 83 70 70 Level 1 23 | . 16 29 29 Level 2 . | . . . . Level 3 . | . . . . Level 4 . | . . . . Level 5 . | . . . . High Security . | . . . . Max Security . | . . . . Squads Dispatched 4 | . 3 . 1 Investigation 1 | . 1 . . Extermination . | . . . . Reinforcement 3 | . 2 . 1 Assault . | . . . . Garrison . | . . . . Intercept . | . . . . Construction Impeded . | . . . . Haulers Reinforced . | . . . . Stealth | -11 -10 -9 -9 --------- Run | Scr Mat Mat Sto Distress Signals 3 | . 1 1 1 Communications Jammed . | . . . . Distress Signals . | . . . . Times Spotted 31 | . 15 4 12 Peak Tracking Total 6 | . 4 2 6 Tactical Retreats . | . . . . Traps | -11 -10 -9 -9 ------- Run | Scr Mat Mat Sto Traps Triggered 2 | . 1 . 1 Indirectly . | . . . . Trap Hack Attempts . | . . . . Triggered . | . . . . Disarmed . | . . . . Reprogrammed . | . . . . Reused . | . . . . Traps Extracted . | . . . . Installed . | . . . . Triggered . | . . . . Machines | -11 -10 -9 -9 ---------- Run | Scr Mat Mat Sto Machines Disabled 4 | . 2 . 2 Max in Single Turn 2 | . 2 . 1 Machines Sabotaged . | . . . . Garrisons Compromised . | . . . . Overloaded Fab Kills . | . . . . Fab Network Shutdowns . | . . . . Hacking | -11 -10 -9 -9 --------- Run | Scr Mat Mat Sto Machines Accessed 4 | . 2 . 2 Terminals 3 | . 2 . 1 Fabricators . | . . . . Repair Stations 1 | . . . 1 Recycling Units . | . . . . Scanalyzers . | . . . . Garrison Access . | . . . . Total Hacks 15 | . 10 . 5 Successful 10 | . 6 . 4 Failed 5 | . 4 . 1 Catastrophic . | . . . . Database Lockouts . | . . . . Manual 8 | . 7 . 1 Terminals 12 | . 10 . 2 Fabricators . | . . . . Repair Stations 3 | . . . 3 Recycling Units . | . . . . Scanalyzers . | . . . . Garrison Access . | . . . . Terminal Hacks 2 | . 1 . 1 Open Door 1 | . . . 1 Zone Layout 1 | . 1 . . Fabricator Hacks . | . . . . Repair Station Hacks 2 | . . . 2 Scan Component 1 | . . . 1 Repair 1 | . . . 1 Recycling Unit Hacks . | . . . . Scanalyzer . | . . . . Garrison Access Hacks . | . . . . Unauthorized Hacks 6 | . 5 . 1 Terminals 6 | . 5 . 1 Track 2 | . 2 . . Botnet 3 | . 2 . 1 Operators 1 | . 1 . . Fabricators . | . . . . Repair Stations . | . . . . Recycling Units . | . . . . Scanalyzers . | . . . . Garrison Access . | . . . . Data Cores Recovered . | . . . . Used . | . . . . Hacking Detections 4 | . 2 . 2 Full Trace Events . | . . . . Feedback Events . | . . . . Feedback Blocked . | . . . . Robot Schematics Acquired . | . . . . Robots Built . | . . . . Matter . | . . . . Time . | . . . . Total Robot Build Rating . | . . . . Part Schematics Acquired . | . . . . Parts Built . | . . . . Matter . | . . . . Time . | . . . . Total Part Build Rating . | . . . . Parts Repaired 1 | . . . 1 Time 26 | . . . 26 Parts Recycled . | . . . . Recycled Matter . | . . . . Retrieved Matter . | . . . . Retrieved Components . | . . . . Parts Scanalyzed . | . . . . Part Schematics Acquired . | . . . . Parts Damaged . | . . . . Bothacking | -11 -10 -9 -9 ------------ Run | Scr Mat Mat Sto Used RIF Installer . | . . . . Robots Hacked . | . . . . Non-combat . | . . . . Combat . | . . . . Robot Hacks Applied . | . . . . Relay Couplers Released . | . . . . Robots Rewired . | . . . . Allies Hacked . | . . . . Hacks Repelled . | . . . . Allies | -11 -10 -9 -9 -------- Run | Scr Mat Mat Sto Total Allies . | . . . . Largest Group . | . . . . Highest-Rated Group . | . . . . Highest-Rated Ally . | . . . . Total Orders . | . . . . Ally Attacks . | . . . . Total Damage . | . . . . Kills . | . . . . Allies Corrupted . | . . . . Allies Melted . | . . . . Intel | -11 -10 -9 -9 ------- Run | Scr Mat Mat Sto Robot Analysis Total . | . . . . Derelict Logs Recovered . | . . . . Drone Launches . | . . . . Drone Recoveries . | . . . . Exploration | -11 -10 -9 -9 ------------- Run | Scr Mat Mat Sto Turns Passed 818 | . 354 176 288 Spaces Moved 498 | 1 216 129 152 Core 4 | . . . 4 Treads . | . . . . Legs 88 | 1 87 . . Wheels 406 | . 129 129 148 Hover . | . . . . Flight . | . . . . Fastest Speed 100 | 120 100 100 100 Average Speed 111 | 120 114 100 116 Slowest Speed 650 | 120 180 100 650 Overloaded Moves . | . . . . Propulsion Burnouts . | . . . . Robots Hopped . | . . . . Cave-ins Triggered . | . . . . Exploration Rate (%) 20 | 2 39 17 25 Regions Visited 3 Branch Regions 1 Pre-discovered Areas . | . . . . Known Exits Taken . | . . . . Unknown Exits Taken 3 | 1 1 1 . Scrap Searched . | . . . . Spaces Dug . | . . . . Terrain Destroyed 60 | . . . 60 Melee . | . . . . Projectile . | . . . . AOE 60 | . . . 60 Terrain Rammed . | . . . . Walls Destroyed . | . . . . Machines Disabled . | . . . . Actions | -11 -10 -9 -9 --------- Run | Scr Mat Mat Sto Total 666 | . 279 156 231 Wait 42 | . 13 1 28 Move 495 | . 215 128 152 Hop . | . . . . Pick Up 12 | . 8 3 1 Fast Attach 12 | . 4 2 6 Attach 12 | . 3 3 6 Detach 11 | . 6 2 3 Swap 5 | . 3 1 1 Drop 14 | . 5 2 7 Fire 60 | . 22 14 24 Melee 3 | . . . 3 Ram . | . . . . Kick . | . . . . Crush . | . . . . Escape Stasis . | . . . . Rewire . | . . . . Trap . | . . . . Miscellaneous . | . . . . Route ------- -11/Scrapyard -10/Materials -9/Materials -9/Storage History --------- Turn | Location | Event 1 | -11/Scrapyard | Discovered new exit (range 0) 1 | -11/Scrapyard | Entered Materials 286 | -10/Materials | Discovered new exit (range 4) 307 | -10/Materials | Build established: Mutant 355 | -10/Materials | Entered another Materials area 355 | -9/Materials | Evolved 2 slots: Utility x2 475 | -9/Materials | Discovered new exit (range 10) 531 | -9/Materials | Entered Storage 657 | -9/Storage | Repaired Wheel 679 | -9/Storage | Found Prototype Launcher 679 | -9/Storage | Identified Gui. Missile Launcher 783 | -9/Storage | Core integrity fell below 50% 798 | -9/Storage | Core integrity fell below 20% 812 | -9/Storage | Lost 8 parts (1p2n1u4w) 819 | -9/Storage | Self-destructed Last Messages --------------- 00783_ K-01 Serf collects debris. 00786_ The unstable cave ceiling collapses. 00786_ K-01 Serf collects debris. 00787_ U-05 Engineer lays Concrete. 00788_ Flail follow-up attack on G-34 Mercenary. 00788_ Destroyed Aluminum Leg. 00788_ G-34 Mercenary system corrupted by crushing effect. 00789_ U-05 Engineer lays Concrete. 00789_ K-01 Serf collects debris. 00790_ U-05 Engineer lays Concrete. 00791_ G-34 Mercenary destroyed. 00791_ Acquired 57 matter. 00791_ U-05 Engineer lays Concrete. 00792_ K-01 Serf collects debris. 00792_ U-05 Engineer lays Concrete. 00797_ K-01 Serf collects debris. 00797_ U-05 Engineer lays Concrete. 00800_ K-01 Serf collects debris. 00814_ U-05 Engineer lays Concrete. 00818_ U-05 Engineer builds a Wall. Map ----- +----------------------------------------------------+ | | | | | | | | | | | | | | | | | | | | | | | | | | | ??????????????????????????????????????????????? | | ??????????????????????????###?????????????????? | | ??????????????????????????# #?????????????????? | | ?????????????????????????##=#?????????????????? | | ?????????????????????????#T=#?????????????????? | | ###########################+######????????????? | | #????????????? | | #????????????? | | #????????????? | | #########################g######+######???????? | | ???????????????#### # ## ### #???????? | | ?????#########?# ## ### ##???????? | | ????## = # # ##@## """ #????????? | | ????# =% ![ [ ! #* " #????????? | | ????+ !![%* Y%!* """ #????????? | | ????# % [[[ wu% [ " #????????? | | ????# % ###+### # !# #????????? | | ????# w ### ##### #????????? | | ????# " """ #??###?## #????????? | | ????# ## """"" #???????### # " "###????????? | | ????# ???# """"" #?????????####"R"#??????????? | | ????#????# #????????????#"""#??????????? | | ?????????##########????????????#####??????????? | | ??????????????????????????????????????????????? | | ??????????????????????????????????????????????? | | ??????????????????????????????????????????????? | | ??????????????????????????????????????????????? | | ??????????????????????????????????????????????? | | ??????????????????????????????????????????????? | | ??????????????????????????????????????????????? | | ??????????????????????????????????????????????? | | ??????????????????????????????????????????????? | | ??????????????????????????????????????????????? | | ??????????????????????????????????????????????? | | ??????????????????????????????????????????????? | | ??????????????????????????????????????????????? | | ??????????????????????????????????????????????? | +----------------------------------------------------+ Best States ------------- Heat Dissipation 28 Energy Generation 14 Energy Capacity 280 Matter Stores 300 Matter Capacity 300 Sight Range 16 Terrain Scan Density 10 Armor Coverage 150 Propulsion Shielding 33 Evasion (%) 40 Item Schematics ----------------- None Robot Schematics ------------------ None Fabricated ------------ Nothing Alien Tech Used ----------------- None Achievements -------------- None Challenges ------------ None Game ------ Seed ThunderMappingMediator Manual? 0 Play Time 00:16:21 Cumulative 48.2 hours Start 2020.10.14 @ 00:14:09 End 2020.10.14 @ 00:25:30 Sessions 1 Manual Loads 0 Difficulty Rogue Special Mode None Game No. 56 Rogue 56 Adventurer 0 Explorer 0 Win Type - Total 2 Types 2/0/0/0/0/0/0/0/0 Lore% 36 Gallery% 52 Achievement% 38 Wizard Run 0 Options --------- ASCII 0 Keyboard 1 Movement Numpad Keybinds 0 Fullscreen 2 Font 18/SmallcapsGlow Map View 76x50 Tactical HUD 1 Map Filters NONE Filters NONE Steam 1 RUN: 10067575-8a03-4e4f-a662-4f89bfe21070